 Dungeon Crawl Stone Soup version 0.26-a0-466-g989023bd0d (webtiles) character file.

Game seed: 13207417944173001971

158 Inarius the Sneak (level 5, 0/35 HPs)
             Began as a Kobold Wanderer on Aug 14, 2020.
             Was an Initiate of Okawaru.
             Succumbed to an adder's poison
             ... on level 3 of the Dungeon.
             The game lasted 00:03:17 (2931 turns).

Inarius the Sneak (Kobold Wanderer)                 Turns: 2931, Time: 00:03:17

Health: 0/35       AC:  2    Str:  7 (10) XL:     5   Next: 67%
Magic:  5/5        EV: 14    Int: 12 (13) God:    Okawaru [......]
Gold:   86         SH:  0    Dex: 12 (15) Spells: 4/4 levels left

rFire    . . .     SeeInvis .   a - +2 short sword
rCold    . . .     Faith    +   (shield restricted)
rNeg     . . .     Spirit   .   e - +0 robe
rPois    .         Reflect  .   (no helmet)
rElec    .         Harm     .   m - scarf {repulsion}
rCorr    .                      (no gloves)
MR       .....                  (no boots)
Stlth    ++++......             u - amulet of faith
HPRegen  0.11/turn              (no ring)
MPRegen  0.09/turn              (no ring)

@: lethally poisoned (0 -> -16), invisible, repel missiles
A: small, nightstalker 3
a: Renounce Religion


You were on level 3 of the Dungeon.
You worshipped Okawaru.
Okawaru was noncommittal.
You visited 1 branch of the dungeon, and saw 3 of its levels.

You collected 86 gold pieces.

Inventory:

Hand Weapons
 a - a +2 short sword (weapon)
 d - a +0 dagger
Missiles
 c - 29 poisoned darts (quivered)
Armour
 e - a +0 robe (worn)
 i - a +0 leather armour
 m - a scarf of repulsion (worn)
Jewellery
 u - an amulet of faith (around neck)
Scrolls
 b - 2 scrolls of teleportation
 f - 3 scrolls of immolation {unknown}
 h - a scroll of blinking {unknown}
 j - a scroll of magic mapping {unknown}
 k - a scroll of noise {unknown}
 l - a scroll of identify
 n - a scroll of remove curse {unknown}
 p - a scroll of fear {unknown}
 r - a scroll of amnesia {unknown}
Potions
 t - a potion of brilliance


   Skills:
 + Level 5.2 Fighting
 * Level 4.1 Short Blades
 - Level 1.1 Throwing
 + Level 2.0 Dodging
 + Level 5.6 Stealth


You had 4 spell levels left.
You didn't know any spells.
Your spell library was empty.

Dungeon Overview and Level Annotations

Branches:
Dungeon (3/15)

Altars:
Hepliaklqana
Okawaru


Innate Abilities, Weirdness & Mutations

You are small and have problems with some larger weapons.
You are completely attuned to the shadows.


Message History

You are more poisoned.
The adder poisons you!
You closely miss the adder.
The adder is almost dead.
* * * LOW HITPOINT WARNING * * *
You feel sick. The adder bites you.
* * * LOW HITPOINT WARNING * * *
It was a potion of degeneration.
There was something very wrong with that liquid.
You feel weakened.
You feel dopey.
You feel clumsy.
* * * LOW HITPOINT WARNING * * *
You feel sick. The adder misses you.
It was a potion of magic.
Magic courses through your body.
* * * LOW HITPOINT WARNING * * *
You feel sick. The adder bites you.
* * * LOW HITPOINT WARNING * * *
The adder bites you but does no damage.
It was a potion of invisibility.
You fade into invisibility!
You die...

....###'##
#.# #)#
#.# #.#
#.# #.#
#######.#
...gS@..#
...s#####
.... ....
####


You could see an adder, a giant cockroach and a goblin.

Vanquished Creatures
  An orc priest (D:3)
  3 adders
  An ooze (D:1)
  3 dart slugs
  3 leopard geckos
  5 orcs (D:3)
  2 ball pythons
  5 giant cockroaches
  4 goblins
  12 hobgoblins
  8 jackals
  A quokka (D:3)
  10 bats
  2 frilled lizards (D:1)
  6 kobolds
  13 rats
79 creatures vanquished.

Notes
Turn   | Place    | Note
-------+----------+-------------------------------------------
     0 | D:1      | Inarius the Kobold Wanderer began the quest for the Orb.
     0 | D:1      | Inarius set off with the following items: a +2 short sword,
                  | a scroll of teleportation, 9 poisoned darts, a +0 dagger, a
                  | +0 robe
     0 | D:1      | Reached XP level 1. HP: 16/16 MP: 1/1
   131 | D:1      | Reached XP level 2. HP: 20/20 MP: 2/2
   408 | D:1      | Reached XP level 3. HP: 24/25 MP: 3/3
   520 | D:1      | Reached skill level 5 in Fighting
  1176 | D:2      | Reached XP level 4. HP: 28/31 MP: 4/4
  1256 | D:2      | Reached skill level 5 in Stealth
  1460 | D:2      | Found a hazy altar of Hepliaklqana.
  1531 | D:2      | Found an iron altar of Okawaru.
  1538 | D:2      | Became a worshipper of Warmaster Okawaru
  2346 | D:3      | Reached XP level 5. HP: 35/35 MP: 5/5
  2930 | D:3      | HP: 1/35 [adder (2)]
  2931 | D:3      | Succumbed to an adder's poison

Illustrated notes

Levels and vault maps discovered:
D:1:      wheals_arrival_linesprint, layout_loops_cross,
          minmay_misc_feat_diagonals
D:2:      layout_basic, grunt_temple_overflow_open, st_stairs_10
D:3:      layout_basic, minmay_misc_feat_five, hangedman_decor_push

Skill      XL: |  1  2  3  4  5 |
---------------+----------------+-----
Fighting       | 5 |  5.2
Short Blades   | 2 3 4 |  4.1
Stealth        | 5 |  5.6
Dodging        | 2 |  2.0
Throwing       | |  1.1

Action                   |  1- 3 |  4- 6 || total
-------------------------+-------+-------++-------
Melee: Short sword       |    62 |   154 ||   216
  Use: Scroll            |       |     3 ||     3
       Potion            |       |     8 ||     8
 Stab: Sleeping          |    14 |    14 ||    28
       Distracted        |       |     1 ||     1
Armor: Robe              |     5 |    19 ||    24
       Skin              |       |    13 ||    13
Dodge: Dodged            |    40 |   132 ||   172

Table legend: (Time is in decaauts)
 A = Elapsed time spent in this place.
 B = Non-inter-level travel time spent in this place.
 C = Inter-level travel time spent in this place.
 D = Time resting spent in this place.
 E = Time spent auto-exploring this place.
 F = Levels seen in this place.
 G = Mean time per level.
                   A        B        C        D        E       F      G
               +--------+--------+--------+--------+--------+-----+--------+
         Total |   2921 |   2844 |     77 |    562 |   1801 |   3 |  973.7 |
       Dungeon |   2921 |   2844 |     77 |    562 |   1801 |   3 |  973.7 |
               +--------+--------+--------+--------+--------+-----+--------+

Top non-repeatable levels by time:
     D:1: 1161 daAuts
     D:2: 915 daAuts
     D:3: 845 daAuts
